General information
- name: BNet
- type: Ladder team game (AT/RT)
- host: Battle.net
- saver: kalimtheresthed
map: TurtleRock
- players: 4
- length: 05:02
- speed: Fast
- version: 1.24 W3XP
- replay type: Public
» download(24 KB)
Players
team 1 (loser)
FallenAngel)NT_ (
green | 94 APM | 471 actions | 04:59)
2 Archmage
1 Summon Water Elemental
1 Brilliance Aura
» actions
| Assign group hotkey | 10 | |
| Basic commands | 11 | |
| Build / train | 29 | |
| Enter build submenu | 11 | |
| Enter hero's abilities submenu | 2 | |
| Right click | 194 | |
| Select / deselect | 106 | |
| Select group hotkey | 81 | |
| Use ability | 27 | |
471 total
» units
» buildings
| Altar of Kings | 1 | |
| Barracks | 1 | |
| Farm | 4 | |
| Scout Tower | 2 | |
| Lumber Mill | 1 | |
| Guard Tower | 1 | |
10 total
» build order
00:05 Altar of Kings
00:18 Barracks
00:34 Farm
01:03 Farm
01:41 Farm
02:22 Scout Tower
02:28 Lumber Mill
02:46 Scout Tower
03:14 Guard Tower
03:15 Farm
» items
kissmycheek (
orange | 80 APM | 403 actions | 05:00)
2 Death Knight
1 Death Coil
1 Death Pact
» actions
| Assign group hotkey | 5 | |
| Basic commands | 14 | |
| Build / train | 16 | |
| Enter build submenu | 6 | |
| Enter hero's abilities submenu | 2 | |
| Give item / drop item | 1 | |
| Right click | 176 | |
| Select / deselect | 157 | |
| Select group hotkey | 9 | |
| Use ability | 17 | |
403 total
» units
| Acolyte | 4 | |
| Ghoul | 3 | |
| Crypt Fiend | 2 | |
9 total
» buildings
| Graveyard | 1 | |
| Crypt | 1 | |
| Altar of Darkness | 1 | |
| Ziggurat | 2 | |
| Tomb of Relics | 1 | |
| Nerubian Tower | 2 | |
8 total
» build order
00:05 Graveyard
00:07 Crypt
00:40 Altar of Darkness
00:58 Ziggurat
01:23 Tomb of Relics
01:59 Ziggurat
02:36 Nerubian Tower
03:04 Nerubian Tower
» items
team 2 (winner)
kalimtheresthed (
yellow | 57 APM | 289 actions | 05:02)
3 Pandaren Brewmaster
2 Breath of Fire
1 Drunken Brawler
» actions
| Assign group hotkey | 36 | |
| Basic commands | 5 | |
| Build / train | 25 | |
| ESC pressed | 1 | |
| Enter build submenu | 6 | |
| Enter hero's abilities submenu | 3 | |
| Right click | 84 | |
| Select / deselect | 61 | |
| Select group hotkey | 57 | |
| Use ability | 11 | |
289 total
» units
» buildings
| Crypt | 2 | |
| Ziggurat | 3 | |
| Altar of Darkness | 1 | |
6 total
» build order
00:10 Crypt
00:13 Ziggurat
00:37 Crypt
00:53 Ziggurat
01:24 Altar of Darkness
03:07 Ziggurat
slantEyedFiends (
pink | 51 APM | 254 actions | 05:01)
2 Pandaren Brewmaster
1 Breath of Fire
1 Drunken Brawler
» actions
| Assign group hotkey | 35 | |
| Basic commands | 5 | |
| Build / train | 23 | |
| Enter build submenu | 7 | |
| Enter hero's abilities submenu | 2 | |
| Right click | 76 | |
| Select / deselect | 50 | |
| Select group hotkey | 46 | |
| Use ability | 10 | |
254 total
» units
» buildings
| Crypt | 2 | |
| Ziggurat | 3 | |
| Altar of Darkness | 1 | |
6 total
» build order
00:06 Crypt
00:09 Ziggurat
00:37 Crypt
01:05 Ziggurat
01:25 Altar of Darkness
03:45 Ziggurat
Chat log
(00:06 / Allies) kalimtheresthed: kissmycheek
(00:07 / Allies) kalimtheresthed: rofl wtf
(00:13 / All) kissmycheek: gg
(00:15 / All) kalimtheresthed: http://asialadders.battle.net/war3/ladder/w3xp-ladder-ffa.aspx?rhtml=y
(00:18 / All) slantEyedFiends: fuck you
(00:20 / All) kalimtheresthed: oops
(00:22 / All) kalimtheresthed: yeah fuck you
(00:30 / All) kalimtheresthed: u aint winnin
(00:31 / All) kalimtheresthed: even if u wwin
(00:33 / All) kalimtheresthed: bich
(00:59 / All) kalimtheresthed: kalim "tehres the" door
(01:00 / All) kalimtheresthed: now use it
(01:07 / All) kalimtheresthed: USA
(01:08 / All) kalimtheresthed: USA
(01:09 / All) kalimtheresthed: USA
(01:13 / Allies) slantEyedFiends: lol
(01:29 / Allies) kalimtheresthed: finding non cookie cutters in asia
(01:32 / Allies) kalimtheresthed: is prolly impossible
(01:43 / Allies) slantEyedFiends: good
(01:45 / Allies) kalimtheresthed: 39-33 solo on asia ladder
(01:48 / Allies) slantEyedFiends: i want to flop hard
(01:50 / Allies) kalimtheresthed: might be good
(02:05 / All) slantEyedFiends: like what you see?
(02:11 / All) kalimtheresthed: slanteyes
(02:17 / All) kalimtheresthed: \_/
(02:19 / Allies) kalimtheresthed: go now
(02:20 / All) slantEyedFiends: oh rofl thats right
(02:29 / All) slantEyedFiends: you probably didnt see
(02:31 / Allies) kalimtheresthed: ud ?
(02:33 / Allies) kalimtheresthed: or hu?
(02:35 / Allies) kalimtheresthed: answer fast
(02:40 / Allies) slantEyedFiends: ud
(02:42 / Allies) kalimtheresthed: k
(03:03 / Allies) kalimtheresthed: acos
(04:22 / Allies) kalimtheresthed: dk
(04:48 / All) kalimtheresthed: theres the door
(04:50 / All) kalimtheresthed: nows use it
(04:59 / All) slantEyedFiends: NOOB